Map: Oxide LE

Players

Turil

  • Race: Zerg Zerg
  • League: Master

Mustitier - Winner!

  • Race: Terran Terran
  • League: Master

VOD

Have the link to the VOD?

Description

Time

  • Played on: Sept. 11, 2021, 7:19 p.m.
  • Length: 12:07
Show
View Real Time Build Order
Export as new Build Order

Turil Zerg 

Build Orders: Pool First, Muta Ling Bane 

Get SALT Encoding   

  12  0:03  Drone  
  13  0:13  Overlord  
  13  0:21  Drone  
  14  0:32  Drone x2  
  16  0:39  Drone  
  17  0:47  Spawning Pool, Extractor  
  15  0:50  Drone  
  16  0:57  Drone  
  17  1:16  Hatchery  
  17  1:17  Drone  
  17  1:34  Queen  
  17  1:35  Zergling x2  
  17  1:36  Zergling x2  
  21  1:44  Overlord  
  21  1:53  Metabolic Boost  
  21  1:59  Drone  
  22  2:11  Queen  
  24  2:18  Drone x2  
  26  2:28  Drone  
  27  2:30  Queen  
  29  2:43  Drone x3  
  32  2:47  Zergling x2  
  32  2:48  Zergling x4  
  35  2:55  Roach Warren  
  35  2:56  Overlord  
  33  3:26  Drone x6  
  33  3:27  Drone x2  
  40  3:47  Hatchery  
  40  3:48  Drone x4  
  40  3:52  Overlord  
  43  3:59  Overlord  
  43  4:00  Overlord  
  43  4:07  Extractor, Overlord  
  42  4:14  Drone  
  42  4:15  Drone x4  
  42  4:16  Drone  
  48  4:19  Overlord  
  48  4:27  Roach x3  
  54  4:45  Roach  
  56  4:46  Roach x6  
  68  5:00  Zergling x2, Overlord  
  68  5:01  Zergling x10  
  74  5:10  Lair  
  74  5:17  Ravager x2  
  76  5:23  Overlord  
  76  5:24  Overlord  
  76  5:25  Drone x7  
  83  5:31  Evolution Chamber x2  
  73  6:07  Drone  
  73  6:08  Drone x15  
  66  6:25  Zergling x2  
  66  6:26  Zergling x10  
  66  6:28  Queen x3  
  78  6:32  Baneling Nest  
  78  6:33  Zerg Ground Armor Level 1, Extractor  
  78  6:36  Zerg Melee Weapons Level 1  
  78  6:37  Zergling x2  
  78  6:38  Zergling x4  
  79  6:41  Zergling x2, Spore Crawler  
  79  6:47  Hatchery  
  79  6:53  Zergling x6  
  81  6:58  Extractor  
  81  7:00  Overlord  
  80  7:02  Overseer  
  80  7:11  Zergling x2, Spire  
  80  7:12  Zergling x18  
  89  7:32  Zergling x2  
  89  7:33  Zergling x18  
  96  8:00  Drone x10  
  96  8:01  Drone x4  
  96  8:02  Extractor x2  
  96  8:03  Infestation Pit  
  107  8:27  Mutalisk x2  
  107  8:29  Overlord x5  
  107  8:30  Overlord x2  
  109  8:43  Zerg Melee Weapons Level 2, Zerg Ground Armor Level 2  
  109  8:45  Centrifical Hooks  
  109  8:46  Mutalisk x2  
  109  8:47  Mutalisk  
  111  9:09  Mutalisk x4  
  113  9:13  Queen  
  113  9:19  Drone x2  
  113  9:20  Infestation Pit  
  108  9:26  Mutalisk  
  108  9:27  Mutalisk  
  112  9:34  Extractor  
  112  9:35  Extractor, Hatchery  
  108  9:45  Mutalisk x3  
  114  9:53  Baneling  
  114  9:54  Baneling x4  
  112  10:14  Mutalisk  
  112  10:15  Mutalisk x2  
  116  10:34  Hive  
  116  10:38  Drone x5  
  116  10:39  Drone x2  
  116  10:40  Drone x9  
  116  10:42  Overlord x5  
  132  10:50  Mutalisk  
  132  10:52  Mutalisk x4  
  132  10:56  Zergling x12  
  132  10:57  Zergling x10  
  153  10:59  Queen  
  155  11:15  Zergling x2  
  155  11:16  Zergling x24  
  141  11:26  Zergling x2  
  141  11:27  Zergling x6  
  141  11:31  Zergling x2  
  141  11:32  Zergling x10  
  110  11:49  Drone x6  
  110  11:50  Drone x6  
Show
View Real Time Build Order
Export as new Build Order

Mustitier Terran - Winner!

Build Orders:  

Get SALT Encoding   

  12  0:01  SCV  
  13  0:14  SCV  
  14  0:19  Supply Depot  
  14  0:26  SCV  
  15  0:41  SCV  
  16  0:44  Barracks  
  16  0:48  Refinery  
  16  0:53  SCV  
  17  1:03  Barracks  
  17  1:05  SCV  
  18  1:17  SCV  
  19  1:31  Orbital Command  
  19  1:32  Reaper  
  20  1:34  Supply Depot  
  20  1:50  Reaper  
  21  2:04  SCV  
  22  2:10  Reaper  
  23  2:16  SCV  
  23  2:20  Command Center  
  24  2:27  Reaper  
  25  2:32  SCV  
  26  2:53  Barracks Reactor  
  25  3:15  SCV  
  25  3:17  Barracks Tech Lab  
  26  3:21  Command Center, Barracks  
  24  3:30  Marine x2  
  24  3:31  Orbital Command  
  25  3:34  Bunker  
  25  3:35  SCV  
  25  3:37  Refinery  
  25  3:38  Stimpack  
  25  3:39  Marine  
  27  3:48  Marine, SCV  
  29  4:00  SCV  
  29  4:02  Marine x2  
  30  4:09  Marine  
  34  4:11  Factory  
  34  4:12  SCV  
  34  4:17  Barracks Reactor, Orbital Command  
  34  4:20  Marine  
  36  4:24  Marine, SCV  
  36  4:27  Marine  
  38  4:34  Orbital Command  
  38  4:36  SCV  
  39  4:38  Marine  
  39  4:42  Marine  
  39  4:44  Marine  
  42  4:46  SCV  
  42  4:48  SCV  
  44  4:55  Marine x2  
  44  4:56  Starport, Marine  
  44  4:57  Factory Reactor  
  44  4:58  SCV  
  48  5:00  SCV  
  48  5:03  Supply Depot  
  48  5:05  Supply Depot  
  48  5:06  SCV  
  50  5:10  SCV  
  50  5:12  SCV  
  52  5:14  Marine x2  
  52  5:17  Marine  
  52  5:18  SCV, Marine, Combat Shield  
  52  5:19  Marine  
  58  5:22  SCV  
  58  5:24  SCV  
  58  5:25  Refinery  
  58  5:27  Refinery  
  60  5:30  Engineering Bay, SCV  
  60  5:33  Engineering Bay  
  60  5:35  SCV  
  62  5:36  SCV  
  62  5:40  Marine x3  
  66  5:43  Factory Tech Lab  
  66  5:45  Medivac  
  66  5:46  Medivac  
  70  5:59  Marine  
  70  6:00  Marine x2  
  67  6:06  SCV  
  67  6:15  Medivac  
  63  6:23  Marine x2  
  63  6:25  SCV  
  61  6:29  Terran Infantry Armor Level 1, Marine x3, Terran Infantry Weapons Level 1  
  61  6:31  SCV  
  65  6:33  SCV  
  65  6:37  SCV  
  65  6:39  Supply Depot x2  
  67  6:41  Orbital Command, Marine x2  
  69  6:48  Barracks x2  
  69  7:00  Marine x2  
  69  7:01  SCV x2, Siege Tank  
  76  7:08  SCV  
  77  7:10  Concussive Shells  
  77  7:13  SCV x2  
  77  7:14  Supply Depot  
  77  7:15  Supply Depot x2  
  79  7:20  SCV  
  80  7:24  Armory  
  80  7:25  SCV x2  
  82  7:30  Factory  
  82  7:32  SCV  
  83  7:37  SCV x2  
  83  7:45  Barracks Reactor x2  
  83  7:46  SCV  
  83  7:48  Refinery  
  83  7:49  SCV  
  83  7:50  Command Center  
  85  7:54  SCV  
  85  7:57  Supply Depot x2  
  86  7:59  Marine, Siege Tank  
  86  8:00  Marine x4  
  86  8:01  SCV x2  
  96  8:06  SCV  
  97  8:13  SCV  
  97  8:14  Barracks  
  97  8:15  Barracks x2, Terran Vehicle And Ship Armor Level 1  
  97  8:17  Marine x3  
  103  8:26  Marine  
  103  8:27  Marine  
  104  8:29  Terran Infantry Weapons Level 2, Terran Infantry Armor Level 2  
  104  8:31  Medivac x2, Marine x2  
  108  8:43  Marauder, Marine x2  
  112  8:52  Supply Depot  
  112  8:53  Supply Depot  
  112  8:55  Supply Depot  
  112  8:57  Factory Reactor, Thor  
  112  9:10  Marine x5  
  112  9:11  Medivac x2, Marauder  
  112  9:12  Marine x3  
  125  9:28  Marine x5  
  125  9:29  Marine  
  125  9:30  Marine x2  
  125  9:31  Drilling Claws  
  133  9:32  Barracks Tech Lab, Marauder  
  133  9:33  Barracks Tech Lab x2  
  135  9:46  Marine x5  
  135  9:47  Marine x3, Widow Mine x2  
  147  9:53  Marauder, SCV x3  
  152  10:03  Marine  
  152  10:04  Marine x4  
  152  10:05  Marine  
  150  10:07  Thor  
  150  10:08  Widow Mine  
  150  10:09  Widow Mine  
  160  10:15  Marauder  
  160  10:17  Planetary Fortress  
  156  10:29  Missile Turret  
  156  10:30  Widow Mine x2  
  156  10:32  Missile Turret x2  
  156  10:35  Missile Turret  
  156  10:42  Marauder, Marine  
  159  10:46  Supply Depot x3  
  159  10:47  Supply Depot  
  159  10:56  Marine x3  
  159  10:57  Marauder  
  164  11:07  Marine x7, Thor  
  164  11:08  Marauder  
  179  11:14  Marine x3  
  179  11:17  Marine  
  166  11:28  Marine  
  166  11:29  Marauder, Marine x4  
  170  11:33  Marauder  
  170  11:38  Marauder, Marine x4  
  171  11:46  Marine x5  
Tags
 
Composition
Muta Ling Bane
Matchup
TvZ
Opening
Pool First
Add a new tag
Caveats
  • Supply blocks, unpowered buildings, or Contaminate may cause inaccurate times.
  • Supply counts are checked every 10 seconds.